Map: Overgrown Facility

Players

Nimrodel

  • Race: Protoss Protoss
  • Spawn Location: 3:00

defrost

  • Race: Terran Terran
  • Spawn Location: 1:00

MonstroTown - Winner!

  • Race: Terran Terran
  • Spawn Location: 9:00

Michael - Winner!

  • Race: Zerg Zerg
  • League: Gold
  • Spawn Location: 7:00

VOD

Have the link to the VOD?

Description

Time

  • Played on: Sept. 16, 2018, 10:56 a.m.
  • Length: 8:07
Show
View Real Time Build Order
Export as new Build Order

Nimrodel Protoss 

Build Orders:  

Get SALT Encoding   

  12  0:02  Probe  
  13  0:17  Pylon  
  13  0:18  Probe  
  14  0:28  Probe  
  15  0:36  Probe  
  16  0:44  Gateway  
  16  0:45  Probe  
  17  0:56  Probe  
  17  1:04  Probe, Pylon  
  19  1:12  Probe  
  20  1:23  Probe  
  21  1:32  Cybernetics Core  
  21  1:34  Zealot  
  21  1:36  Probe  
  24  1:50  Nexus  
  24  1:54  Probe  
  24  1:58  Assimilator  
  25  2:04  Assimilator  
  25  2:08  Probe  
  25  2:09  Zealot  
  28  2:19  Probe  
  29  2:31  Probe  
  30  2:48  Pylon  
  30  2:59  Gateway  
  30  3:01  Stalker, Gateway  
  30  3:02  Probe  
  30  3:04  Gateway  
  32  3:11  Probe  
  33  3:17  Probe  
  34  3:25  Probe  
  36  3:35  Probe  
  36  3:40  Probe  
  38  3:46  Stargate  
  38  3:47  Assimilator  
  38  3:50  Probe, Pylon  
  38  3:52  Assimilator  
  38  3:53  Probe  
  40  3:59  Warp Gate  
  40  4:02  Probe x2  
  41  4:04  Sentry  
  41  4:05  Adept  
  41  4:07  Sentry  
  48  4:10  Probe  
  48  4:12  Probe  
  50  4:20  Probe  
  50  4:21  Pylon  
  50  4:22  Probe  
  52  4:31  Forge  
  52  4:33  Phoenix  
  52  4:38  Probe x2  
  56  4:50  Probe  
  56  4:51  Pylon  
  57  5:02  Probe  
  57  5:04  Protoss Ground Weapons Level 1  
  58  5:11  Photon Cannon  
  58  5:16  Photon Cannon  
  58  5:18  Photon Cannon  
  58  5:19  Probe  
  58  5:25  Probe  
  59  5:29  Photon Cannon  
  59  5:32  Photon Cannon  
  59  5:33  Photon Cannon, Probe  
  61  5:43  Probe  
  61  5:47  Void Ray, Nexus  
  66  6:01  Probe  
  67  6:22  Stalker  
  67  6:24  Adept, Stalker  
  73  6:27  Adept  
  67  7:00  Void Ray  
  65  7:12  Stalker x2  
  65  7:16  Stalker  
  65  7:17  Zealot  
  65  7:38  Photon Cannon  
  61  7:45  Photon Cannon  
  61  7:49  Probe  
Show
View Real Time Build Order
Export as new Build Order

defrost Terran 

Build Orders: Command Center First (CC) 

Get SALT Encoding   

  12  0:03  SCV  
  13  0:21  Supply Depot  
  13  0:57  Refinery  
  13  0:58  SCV  
  13  0:59  Engineering Bay  
  14  1:19  SCV  
  15  1:38  SCV  
  16  2:00  Command Center  
  16  2:06  Barracks  
  16  2:11  Supply Depot  
  16  2:17  SCV  
  17  2:29  SCV  
  17  2:48  Command Center  
  17  3:02  Marine  
  18  3:12  Refinery  
  18  3:26  Command Center  
  18  3:34  SCV  
  19  3:48  Orbital Command  
  19  3:53  Barracks Tech Lab  
  19  4:10  Barracks  
  19  4:17  Barracks  
  19  4:20  Barracks  
  19  4:34  SCV  
  19  4:37  Ghost Academy  
  20  4:48  Terran Infantry Armor Level 1  
  20  4:50  SCV  
  21  4:56  Refinery  
  21  5:02  Barracks Tech Lab  
  21  5:09  Barracks Tech Lab  
  21  5:10  Barracks Tech Lab  
  21  5:15  Refinery  
  21  5:24  Personal Cloaking  
  21  5:29  SCV  
  21  5:31  SCV  
  23  5:38  SCV  
  23  5:41  SCV  
  25  5:46  Ghost  
  26  6:08  Marine x3  
  28  6:27  Marine  
  28  6:28  SCV x2  
Show
View Real Time Build Order
Export as new Build Order

MonstroTown Terran - Winner!

Build Orders:  

Get SALT Encoding   

  12  0:01  SCV  
  13  0:13  SCV  
  14  0:18  Supply Depot  
  14  0:25  SCV  
  15  0:39  SCV  
  15  0:41  Barracks  
  16  0:51  SCV  
  17  1:03  SCV  
  18  1:06  Barracks  
  18  1:15  SCV  
  19  1:28  Marine  
  19  1:29  Orbital Command  
  20  1:37  Refinery  
  20  1:51  Command Center  
  20  1:56  SCV  
  21  2:05  Marine  
  21  2:08  Supply Depot  
  22  2:10  SCV  
  22  2:13  Barracks Tech Lab  
  23  2:29  Supply Depot, Marine  
  24  2:37  SCV  
  24  2:38  Refinery  
  24  2:40  Marauder  
  27  2:47  Marine  
  27  2:49  SCV  
  29  3:01  Barracks, Marine  
  29  3:04  Factory  
  30  3:08  Marine  
  32  3:20  SCV  
  32  3:21  Orbital Command  
  32  3:31  Marauder  
  32  3:32  SCV  
  35  3:38  Marine  
  35  3:43  Stimpack  
  35  3:44  SCV  
  35  3:48  SCV  
  37  3:51  Factory Tech Lab  
  37  3:56  SCV  
  37  4:00  SCV  
  39  4:03  Supply Depot  
  39  4:05  Marine  
  39  4:08  SCV  
  41  4:12  SCV  
  41  4:14  Siege Tank  
  45  4:25  Supply Depot  
  45  4:27  Barracks Reactor  
  45  4:33  SCV x2  
  45  4:35  Starport  
  47  4:44  Marauder  
  49  4:54  Marine  
  50  5:00  Engineering Bay, SCV  
  50  5:01  SCV  
  50  5:03  Refinery  
  50  5:04  Refinery  
  52  5:13  SCV x2, Supply Depot  
  54  5:16  Marine x2  
  54  5:17  Marine  
  54  5:18  Siege Tank, Marauder  
  54  5:21  Starport Tech Lab  
  62  5:25  SCV x2  
  64  5:34  Marine  
  65  5:36  Supply Depot  
  65  5:37  SCV x2  
  67  5:44  Marine x2  
  69  6:05  Marine  
  69  6:06  Marine x2  
  69  6:09  Marine  
  73  6:11  Banshee  
  76  6:23  Marine  
  77  6:39  Marine x3  
  80  6:41  Marine  
  79  6:54  Barracks  
  79  6:56  Barracks  
  79  6:57  Barracks, Marine x3  
  79  6:59  Barracks  
  79  7:00  Engineering Bay  
  82  7:02  Armory  
  78  7:18  Marine x2  
  78  7:19  Marine x2  
  82  7:36  Marine x3  
  83  8:02  Barracks Reactor x3  
  83  8:03  Barracks Reactor  
Show
View Real Time Build Order
Export as new Build Order

Michael Zerg - Winner!

Build Orders: Hatch First 

Get SALT Encoding   

  12  0:01  Drone  
  13  0:12  Overlord  
  13  0:18  Drone  
  14  0:31  Drone x2  
  14  0:34  Drone  
  17  0:45  Drone  
  18  0:58  Hatchery  
  18  1:00  Drone  
  18  1:07  Extractor  
  17  1:16  Spawning Pool  
  17  1:18  Drone  
  17  1:22  Drone  
  18  1:28  Drone  
  19  1:47  Drone  
  20  1:49  Overlord  
  20  2:03  Queen  
  22  2:09  Metabolic Boost  
  22  2:10  Queen  
  22  2:12  Zergling x2  
  22  2:13  Zergling x2  
  26  2:16  Zergling x2  
  27  2:24  Zergling x4  
  29  2:46  Queen  
  31  2:51  Queen  
  31  2:57  Roach Warren  
  32  2:58  Extractor  
  32  2:59  Drone  
  32  3:03  Drone  
  33  3:06  Drone  
  33  3:10  Drone  
  35  3:14  Drone  
  36  3:25  Overlord  
  36  3:29  Overlord  
  36  3:38  Drone  
  36  3:45  Lair  
  36  3:52  Evolution Chamber  
  35  3:56  Drone x2  
  35  3:59  Drone  
  35  4:02  Drone  
  39  4:06  Drone  
  40  4:10  Drone  
  41  4:36  Roach x2  
  45  4:39  Roach  
  45  4:43  Roach  
  45  4:45  Hatchery  
  48  4:47  Glial Reconstitution  
  48  4:55  Zerg Ground Armor Level 1  
  48  5:08  Roach  
  48  5:09  Roach  
  48  5:11  Overlord  
  48  5:13  Overlord  
  52  5:25  Spire  
  52  5:26  Drone  
  52  5:29  Drone  
  52  5:34  Drone x2  
  55  5:43  Roach  
  55  5:44  Roach  
  59  5:52  Roach  
  59  5:53  Roach x2  
  63  5:59  Zergling x6  
  66  6:07  Zergling x4  
  66  6:08  Zergling x4  
  70  6:16  Queen  
  70  6:18  Drone  
  71  6:35  Roach  
  71  6:38  Overlord x4  
  66  6:56  Pneumatized Carapace, Burrow  
  62  7:01  Drone  
  62  7:02  Drone x2  
  62  7:05  Drone  
  62  7:07  Drone  
  66  7:09  Drone  
  67  7:17  Hydralisk Den  
  67  7:20  Spore Crawler  
  65  7:23  Spore Crawler  
  64  7:34  Roach x4  
  72  7:39  Zergling x6  
  72  7:42  Zergling x2  
  76  7:46  Zergling x2  
  76  7:47  Zergling x4  
  76  7:49  Zergling x2  
Tags
 
Add a new tag
Caveats
  • Supply blocks, unpowered buildings, or Contaminate may cause inaccurate times.
  • Supply counts are checked every 10 seconds.